[Event "*** Titled Tuesday Blitz"]
[Site "Chess.com"]
[Date "2021.04.27"]
[Round "4"]
[White "mishanick"]
[Black "anon6121824"]
[Result "1/2-1/2"]
[WhiteElo "3012"]
[BlackElo "2808"]
[TimeControl "180+1"]
[EndTime "10:41:04 PDT"]
[Termination "Game drawn by repetition"]

1. e4 c6 2. Nf3 d5 3. Nc3 dxe4 4.
Nxe4 Nf6 5. Qe2 Nxe4 6. Qxe4 Nd7 7. Bc4 Nf6 8. Ne5 e6 9. Qe2 Bd6 10. b3 O-O 11. Bb2 Nd5 12. g3 f6 13. Ng4 e5 14.
Ne3 Be6 15. a4 Qd7 16. O-O Rae8 17. Nxd5 Bxd5 18. Rfe1 Kh8 19. a5 Qf5 20. Bxd5 cxd5 21. d3 a6 22. Ra4 g5 23. h4 h6 24. Qh5 Kg7 25. Kg2 Qg6 26. Qxg6+ Kxg6 27. c4 dxc4 28. Rxc4 Rc8 29. Rh1 Rxc4 30. bxc4 Bb4 31. h5+ Kf5 32. Ra1 Rd8 33. Ra4 Bc5 34. Ba3 Ba7 35. f3 Rxd3 36. g4+ Ke6 37. Bf8 Rd2+ 38. Kh1 Kf7 39. Bxh6 Bc5 40. Ra1 Rd7 41. Rb1 Ke6 42. Kg2 Rh7 43.
Bf8 Bxf8 44. Rb6+ Kf7 45. Rxb7+ Be7 46. c5 Rh8 47. c6 Rc8 48. Rb6 f5 49. Rxa6 fxg4 50.
fxg4 Ke6 51. h6 Kd6 52. h7 Rh8 53. c7+ Kxc7 54. Rh6 Bc5 55. Kf3 Bd4 56. Ke4 Kb7 57.
Kd5 Ka7 58. Ke4 Kb7 59. Kf5 Ka7 60. a6 Ka8 61. Rh1 Ka7 62. Kg6 e4 63. Rd1 Bc3 64. Rc1 Bd2 65. Rc7+ Kxa6 66. Kg7 Rxh7+ 67. Kxh7 e3 68.
Re7 Kb5 69. Kg6 Kc4 70. Kf5 Kd3 71. Rd7+ Kc4 72. Rc7+ Kd3 73. Rd7+ Kc4 74. Re7 Kd3 75. Rd7+ 1/2-1/2

[Event "*** Titled Tuesday Blitz"]
[Site "Chess.com"]
[Date "2021.04.27"]
[Round "4"]
[White "poppy73"]
[Black "SanchezKelvin"]
[Result "1-0"]
[WhiteElo "2179"]
[BlackElo "196"]
[TimeControl "180+1"]
[EndTime "10:41:10 PDT"]
[Termination "poppy73 won by resignation"]

1. e4 e5 2. Nf3 Nc6 3. Bb5 a6 4. Ba4 b5 5. Bb3 Nf6 6. O-O Nxe4 7. Re1 Nd6 8. d4 e4 9. Nc3 Be7 10. Nxe4 Nxe4 11. Rxe4 d5 12. Re1 O-O 13. h3 Bf6 14. c3 Bf5 15. Bf4 Ne7 16. Ne5 Ng6 17. Bg3 Re8 18.
Bc2 Bxc2 19. Qxc2 c5 20. Nxg6 hxg6 21. dxc5 d4 22. cxd4 Qxd4 23. Rxe8+ Rxe8 24. c6 Rc8 25. Rd1 Qxb2 26. Qxb2 Bxb2 27. c7 Bf6 28. Kh2 Kf8 29. Rd6 a5 30. Rb6 Ke7 31. Rxb5 Bc3 32. Rb8 Kd7 33.
a4 Bb4 34. Kg1 g5 35. Kf1 f5 36. Be5 Be7 37. Ke2 Bf6 38. Bxf6 gxf6 39. Rb5 Rxc7 40. Rxf5 Rc2+ 41. Kd3 Ra2 42. Rxf6 Rxa4 43. Rf5 g4 44. hxg4 Rxg4 45. Rxa5 Rxg2 46. Ke3 Ke6 47. Kf3 Rg1 48. Ke4 Re1+ 49. Kf4 Kf6 50. Ra6+ Kf7 51. Kf5 Rb1 52. Ra7+ Kf8 53. f4 Rb6 54. Rc7 Ra6 55. Rc5 Kf7 56.
Re5 Rf6+ 57. Ke4 Ra6 58. Rc5 Kf6 59. Rc8 Ra4+ 60. Kf3 Kf5 61. Rc5+ Kf6 62. Kg4 Ra6 63. Rf5+ Kg6 64. Rg5+ Kf6 65. Rh5 Ra1 66. Rh6+ Kg7 67. Rb6 Ra5 68. f5 Kf7 69. Rb7+ Kf6 70. Rb6+ Kf7 71. Kg5 Ra1 72. Rb7+ Kf8 73. Kg6 Ra6+ 74. f6 Ra8 75. Rf7+ Kg8 76. Rg7+ Kf8 77. Rh7 Kg8 78. f7+ 1-0

[Event "*** Titled Tuesday Blitz"]
[Site "Chess.com"]
[Date "2021.04.27"]
[Round "4"]
[White "Kale36"]
[Black "dodorox"]
[Result "1/2-1/2"]
[WhiteElo "2268"]
[BlackElo "2127"]
[TimeControl "180+1"]
[EndTime "10:41:10 PDT"]
[Termination "Game drawn - insufficient material"]

1. d4 Nf6 2. Nc3 d5 3. Bg5 e6 4. e4 dxe4 5. Nxe4 Be7 6. Bxf6 gxf6 7. g3 f5 8. Nc3 Bf6 9. Nge2 Bd7 10. Bg2 Bc6 11.
d5 exd5 12. Nxd5 Bxb2 13. Rb1 Bg7 14. O-O O-O 15. Nef4 Nd7 16. Qh5 Nf6 17. Qxf5 Nxd5 18. Nxd5 Bxd5 19. Bxd5 Qf6 20. Qxf6 Bxf6 21. Rxb7 Rfd8 22.
c4 Be5 23. Re1 Bd6 24. Re3 Rab8 25. Rxb8 Rxb8 26. Rf3 Rf8 27. Kf1 Kg7 28. Ke2 f6 29. Re3 Rb8 30. Re4 Rb2+ 31. Kf3 Rxa2 32. Rg4+ Kf8 33. Rg8+ Ke7 34. Rg7+ Kd8 35. Rxh7 Bc5 36. Kg4 Rxf2 37. h4 a5 38. Rh8+ Kd7 39. Ra8 Bb4 40. h5 Kd6 41. Ra6+ Ke5 42. h6 Rh2 43. Rc6 Rxh6 44.
Rxc7 Rh2 45. Ra7 f5+ 46. Kg5 Bd2+ 47. Kg6 Rh6+ 48. Kg7 Rh3 49. Re7+ Kd4 50. Re2 Rxg3+ 51. Kf6 Kc3 52. Kxf5 Rg1 53. c5 a4 54. c6 Rf1+ 55.
Ke6 Kd3 56. c7 Rc1 57. Re4 Rxc7 58. Rxa4 Rc1 59. Ra3+ Kc2 60. Be4+ Kb2 61. Ra6 Re1 62. Kf5 Bc3 63. Rb6+ Ka3 64. Bd5 Re5+ 65. Kf4 Rxd5 66.
Rb7 Rd4+ 67. Ke3 Rd1 68. Rb8 Bb4 69. Ra8+ Kb3 70. Rc8 Rb1 71. Ke2 Rb2+ 72. Kd3 Rh2 73. Rc6 Rh3+ 74. Ke4 Rc3 75. Kd5 Rd3+ 76. Ke4 Rd1 77. Re6 Re1+ 78. Kf5 Rf1+ 79. Ke4 Re1+ 80. Kd5 Rxe6 81. Kxe6 1/2-1/2

[Event "*** Titled Tuesday Blitz"]
[Site "Chess.com"]
[Date "2021.04.27"]
[Round "4"]
[White "maximych26"]
[Black "Lion-Al-Messi"]
[Result "0-1"]
[WhiteElo "2295"]
[BlackElo "2479"]
[TimeControl "180+1"]
[EndTime "10:41:12 PDT"]
[Termination "Lion-Al-Messi won by resignation"]

1. e4 e6 2. d4 d5 3. Nd2 c5 4. Ngf3 cxd4 5. Nxd4 Nf6 6. exd5 Nxd5 7. N2f3 Be7 8. Bd3 O-O 9. O-O Nd7 10. c3 N7f6 11. Re1 Qc7 12. Ne5 Bd6 13. Qe2 Bxe5 14. Qxe5 Qxe5 15. Rxe5 Nd7 16. Re2 Nc5 17. Bc4 Nb6 18. Bb3 Nxb3 19. axb3 Bd7 20. Be3 Nd5 21. Nf3 a6 22. Bd4 Rad8 23. Ne5 Bc8 24. g3 f6 25. Nc4 e5 26. Bc5 Rfe8 27. Rd2 Nc7 28. Rad1 Ne6 29. Bb6 Rxd2 30. Rxd2 Ng5 31. Kg2 Bh3+ 32.
Kh1 Bf5 33. Nd6 Be4+ 34. Nxe4 Nxe4 35. Rd7 Rb8 36. Ba7 Ra8 37. Bb6 Rb8 38. Kg2 Kf8 39. f3 Ng5 40. Ba7 Ra8 41. Rxb7 Nf7 42. Bc5+ Kg8 43.
b4 Nd8 44. Rd7 Ne6 45. Be3 Kf8 46. c4 Ke8 47. Rb7 Kf8 48. b3 Rc8 49. Kf2 Rd8 50.
Ke2 Ke8 51. Ra7 Rd6 52. Bc5 Rc6 53. Be3 Nc7 54. Kd3 Kd8 55. Rb7 Kc8 56. Rb6 Rxb6 57. Bxb6 Ne6 58. Be3 Kb7 59. Kc3 Kc6 60. b5+ axb5 61.
cxb5+ Kxb5 62. b4 Nc7 63. Kb3 Nd5 64. Bd2 Ne7 65. Ka3 Nc6 66. Kb3 Nd4+ 67. Kc3 Nxf3 68. Kd3 Nxd2 69. Kxd2 Kxb4 70. Ke3 Kc5 71. Ke4 Kd6 72.
Kf5 Ke7 73. h4 Kf7 74. h5 g6+ 75. hxg6+ hxg6+ 76. Ke4 Ke6 77. g4 f5+ 78. gxf5+ gxf5+ 79. Ke3 Kd5 80. Kf3 f4 81. Ke2 e4 82. Kf2 e3+ 83. Kf3 Kd4 84. Kxf4 e2 85. Kf3 e1=Q 86.
Kg4 Qf2 87. Kh3 Ke5 0-1

[Event "*** Titled Tuesday Blitz"]
[Site "Chess.com"]
[Date "2021.04.27"]
[Round "4"]
[White "dropstoneDP"]
[Black "gurelediz"]
[Result "1/2-1/2"]
[WhiteElo "2918"]
[BlackElo "2688"]
[TimeControl "180+1"]
[EndTime "10:41:13 PDT"]
[Termination "Game drawn by repetition"]

1. d4 Nf6 2. c4 e6 3. Nc3 Bb4 4. Nh3 O-O 5. a3 Bxc3+ 6. bxc3 d5 7. Bg5 h6 8. Bh4 b6 9. e3 Ba6 10. Qf3 c6 11. Bxf6 Qxf6 12. Qxf6 gxf6 13. cxd5 Bxf1 14. Rxf1 cxd5 15. Nf4 Nd7 16. a4 Rfc8 17. Kd2 a5 18. g4 Rc4 19. Rfb1 Rac8 20. Rb3 Kf8 21. f3 Ke7 22. e4 dxe4 23. fxe4 Kd6 24. Nd3 Rg8 25.
h3 h5 26. Nb2 Rcc8 27. Rg1 hxg4 28. hxg4 Rh8 29. Rg2 Rh3 30. Nd3 Rg8 31. Kc2 Rh4 32.
Rb1 Rgxg4 33. Rxg4 Rxg4 34. Re1 Rg2+ 35. Kb3 Rd2 36.
Nb2 Rf2 37. Nc4+ Kc6 38. Rh1 Rf4 39. Rh7 Rxe4 40. Rxf7 f5 41. Nd2 Re2 42. Nf3 Re3 43.
Nd2 Re2 44. Nf3 Kd6 45. Rg7 Re3 46. Ng5 f4 47. Rf7 e5 48. dxe5+ Nxe5 49. Rxf4 Kd5 50. Rd4+ Kc6 51. Ne4 Nd7 52. Kc2 Nc5 53. Nxc5 Kxc5 54.
Kb3 Rh3 55. Rc4+ Kd5 56. Rc8 Rh6 57. Kc2 Rh2+ 58. Kb3 Rh6 59. Rc7 Rg6 60. Kc2 Rh6 61.
Kb3 Rg6 62. Rc4 Rf6 63. Rh4 Kc6 64. Kc4 Rd6 65. Rg4 Re6 66. Rf4 Rd6 67. Re4 Rg6 68.
Rd4 Rh6 69. Rf4 Rg6 70. Rh4 Rf6 71. Rh8 Rf4+ 72. Kb3 Rf5 73. Rc8+ Kb7 74. Re8 Kc6 75. Re4 Rd5 76. Kc4 Rc5+ 77. Kd3 Rd5+ 78. Kc2 Rh5 79. Re6+ Kc7 80. Kb3 Rc5 81. Rg6 Rh5 82. Rg7+ Kc6 83. Rg6+ Kc5 84. Rg7 Kc6 85. Rg6+ Kc5 86. Rg7 Kc6 1/2-1/2

[Event "*** Titled Tuesday Blitz"]
[Site "Chess.com"]
[Date "2021.04.27"]
[Round "4"]
[White "Korchmar_Vasiliy"]
[Black "atbenina64"]
[Result "1-0"]
[WhiteElo "2701"]
[BlackElo "2512"]
[TimeControl "180+1"]
[EndTime "10:41:17 PDT"]
[Termination "Korchmar_Vasiliy won on time"]

1. d4 Nf6 2. Nf3 g6 3. Bg5 Bg7 4. Nbd2 O-O 5. e3 d5 6. Be2 c5 7.
c3 cxd4 8. exd4 Nc6 9. O-O Bf5 10.
Re1 Qc7 11. Bf1 Rfe8 12. Ne5 Nxe5 13. dxe5 Nd7 14. Nf3 Nxe5 15. Nd4 Bg4 16. f3 Bd7 17. Bf4 f6 18. Qb3 Bc6 19. Ne6 Qd6 20. Nxg7 Kxg7 21. Kh1 g5 22. Bg3 h5 23. h3 g4 24. fxg4 hxg4 25.
h4 Rh8 26. Re3 Rh5 27. Rae1 Rah8 28. Kg1 Qc5 29. Bf2 Qd6 30. Bg3 Qc5 31. Qc2 Ng6 32.
Qf2 e5 33. Bd3 Rf8 34. Bf5 Qd6 35. Bxg4 Rh6 36. h5 Ne7 37. Bd1 Bd7 38. Rxe5 fxe5 39.
Bxe5+ Qxe5 40. Rxe5 Rxf2 41. Kxf2 Nc6 42. Rxd5 Be6 43.
Rd3 Rf6+ 44. Kg1 Ne5 45. Re3 Nc4 46. Rg3+ Kh6 47. b3 Ne5 48. Re3 Nc6 49. g4 Bd7 50. Kg2 Kg5 51. Kg3 Rf4 52. Rd3 Bxg4 53. Rd5+ Bf5 54.
h6 Rf1 55. Bc2 Ne7 56. Re5 Rg1+ 57. Kf2 Rc1 58. Bxf5 Nxf5 59. h7 Rc2+ 60. Kf3 Rh2 61. Ke4 Rh4+ 62. Kd5 Rxh7 63. c4 Rd7+ 64. Ke6 Re7+ 65.
Kd5 Rxe5+ 66. Kxe5 Kg6 67. c5 Ne7 68. Kd6 Nc6 69.
Kc7 Na5 70. b4 Nc6 71. a3 Kf6 72. Kxb7 Nd4 73. c6 Ke6 74. c7 Nb5 75. c8=Q+ 1-0

[Event "*** Titled Tuesday Blitz"]
[Site "Chess.com"]
[Date "2021.04.27"]
[Round "4"]
[White "Yaryi_sergey"]
[Black "Iball95"]
[Result "0-1"]
[WhiteElo "2432"]
[BlackElo "2622"]
[TimeControl "180+1"]
[EndTime "10:41:20 PDT"]
[Termination "Iball95 won on time"]

1. Nf3 c5 2. g3 g6 3. e4 Bg7 4.
Bg2 Nc6 5. O-O Nf6 6. Re1 O-O 7. h3 d5 8. exd5 Nxd5 9. Nc3 Nxc3 10. dxc3 Qb6 11. Qe2 Rd8 12. Nd2 Be6 13. Nc4 Qa6 14. Ne3 Qxe2 15. Rxe2 Rac8 16. Bd2 b6 17. Be1 Ne5 18. b3 Kf8 19. Rd1 Rxd1 20. Nxd1 Rd8 21. Rd2 Rxd2 22. Bxd2 Ke8 23. Ne3 Kd7 24. c4 Nc6 25. Kf1 f5 26. Nd5 Bf7 27. Bc3 Bxc3 28. Nxc3 Nb4 29. Ke2 Nxc2 30. Bd5 e6 31. Bg2 Nd4+ 32.
Kd3 Kd6 33. f4 Be8 34. Ne2 Nxe2 35. Kxe2 Bc6 36. Bf1 e5 37. a3 Ke6 38. Ke3 Be4 39. b4 h6 40. b5 Kf6 41. h4 g5 42. hxg5+ hxg5 43. Be2 Bb7 44. Bd1 Bc8 45. Be2 Be6 46.
Bd3 Bf7 47. Be2 Bg6 48. Bd3 Bh5 49. Bf1 Bd1 50. Kd2 Bf3 51. Ke3 Be4 52. Be2 exf4+ 53.
gxf4 Bg2 54. Kf2 Bb7 55. Ke3 Bc8 56. Bd3 Be6 57. Be2 Bf7 58. Bd3 Kg6 59. Be2 Kh6 60.
Bf3 Bh5 61. Bd5 Bg4 62. Be6 Kh5 63. Bd5 Kh4 64. Be6 Bh3 65. Bd5 g4 66. Kf2 g3+ 67.
Kf3 Bf1 68. Ke3 g2 69. Kf2 Kg4 70. Bf3+ Kxf4 71. Bxg2 Bxg2 72. Kxg2 Ke3 73. Kf1 f4 74. a4 Kd4 75. Kf2 Kxc4 0-1

[Event "*** Titled Tuesday Blitz"]
[Site "Chess.com"]
[Date "2021.04.27"]
[Round "4"]
[White "attack2mateU"]
[Black "VerdeNotte"]
[Result "1-0"]
[WhiteElo "2736"]
[BlackElo "2882"]
[TimeControl "180+1"]
[EndTime "10:41:22 PDT"]
[Termination "attack2mateU won by checkmate"]

1. e4 c5 2. Nf3 d6 3. Bb5+ Bd7 4. Bxd7+ Qxd7 5. c4 e5 6. Nc3 Nc6 7. O-O Be7 8. d3 Nf6 9. a3 O-O 10. Rb1 a5 11. Bg5 Ne8 12. Bd2 f5 13. Nd5 Bd8 14. b4 axb4 15. axb4 Nf6 16. bxc5 dxc5 17. Re1 Ra3 18. Bc1 Ra7 19. Bb2 Re8 20. Qb3 f4 21.
Ra1 Ba5 22. Reb1 Qd6 23. Qb5 Rea8 24. Ba3 Bb4 25. Nxb4 Nxb4 26. Bb2 Qxd3 27. Rf1 Rxa1 28. Bxa1 Nxe4 29. Qxb7 Rd8 30. Nxe5 Qd6 31. Qf7+ Kh8 32.
Qf5 Qf8 33. Qxe4 Re8 34. h3 Kg8 35. Rd1 Qf6 36. Rd7 h6 37. Qb7 Rxe5 38. Qb8+ Kh7 39. Bxe5 Nc6 40. Rxg7+ Qxg7 41. Bxg7 Nxb8 42. Be5 Nd7 43.
Bxf4 Kg6 44. g4 h5 45. f3 Nb6 46. Bd6 Nxc4 47. Bxc5 Ne5 48. Kg2 hxg4 49. hxg4 Nd3 50. Be3 Ne5 51. Kg3 Nc4 52. Bd4 Nd6 53. Kf4 Nc4 54. Be5 Nb6 55. Ke4 Kg5 56. Bc7 Nd7 57.
Bd8+ Kg6 58. f4 Nc5+ 59. Kf3 Kf7 60. f5 Nb3 61. Ke4 Nc5+ 62. Kf4 Nd3+ 63. Kg5 Ne5 64. Bc7 Nf3+ 65. Kf4 Nd4 66. Be5 Nc6 67. Bc3 Ne7 68. Ke5 Nc6+ 69. Kd6 Ne7 70. Bd4 Nc8+ 71. Kd7 Ne7 72. Kd6 Nc8+ 73. Ke5 Ne7 74. g5 Nc6+ 75. Ke4 Ne7 76. Bc5 Nc6 77. Kd5 Nd8 78. Bd4 Nb7 79.
g6+ Kg8 80. f6 Nd8 81. Kd6 Kf8 82. Kd7 Nb7 83. f7 Nc5+ 84. Bxc5+ Kg7 85. f8=Q+ Kxg6 86. Ke6 Kh7 87. Qf5+ Kg8 88. Qg6+ Kh8 89. Bd4# 1-0

[Event "*** Titled Tuesday Blitz"]
[Site "Chess.com"]
[Date "2021.04.27"]
[Round "4"]
[White "NiranjanNavalgund"]
[Black "kingofthenil"]
[Result "0-1"]
[WhiteElo "2471"]
[BlackElo "2648"]
[TimeControl "180+1"]
[EndTime "10:41:26 PDT"]
[Termination "kingofthenil won by resignation"]

1. e4 Nc6 2. Nc3 d5 3. exd5 Nb4 4. Bc4 Nf6 5. Nf3 Bf5 6. d3 Nbxd5 7. Nxd5 Nxd5 8.
O-O e6 9. Re1 Be7 10. Nd4 Bg6 11.
Bb5+ c6 12. Nxc6 bxc6 13. Bxc6+ Kf8 14. Bxa8 Qxa8 15. Qf3 Qc8 16. c3 h5 17. Bd2 h4 18.
h3 Bh5 19. Qe4 Bg6 20. Qf3 Rh5 21. d4 Qb8 22. b3 Rf5 23. Qe2 Bd6 24. c4 Nf4 25.
Bxf4 Bxf4 26. Rad1 Bh5 27. f3 Bh2+ 28. Kh1 Bg3 29. Rf1 Kg8 30. Rd3 Rf4 31. d5 Bg6 32. Rd2 exd5 33. cxd5 Rf6 34. Qc4 Rd6 35. Rc1 Rd8 36. Rcd1 Rc8 37. Qd4 Rd8 38. Qc4 Qe5 39. Re2 Qf6 40. Qb5 Kh7 41. Re8 a6 42. Qe2 Rd6 43. Ra8 Be5 44. Re8 Bg3 45. Ra8 Bf5 46. Qe8 Rxd5 47. Rf1 Rd2 48. Qh8+ Kg6 49. Qe8 Qd6 50. Qe3 Rd1 51. Rg1 Rd2 52. Re8 Bf2 53.
Qe7 Qxe7 54. Rxe7 Bxg1 55. Kxg1 Rxa2 56. Rb7 Be6 57. Rb6 Rb2 58. b4 Kf5 59. Rxa6 Kf4 60. Kh2 Rxb4 61. Ra8 g5 62. Rh8 Kf5 63. Rg8 Kf6 64.
Rh8 Rc4 65. Ra8 Rc8 66. Ra5 Kg7 67. Rxg5+ Kh6 68. f4 Rc3 69. Kg1 Rg3 70. Rxg3 hxg3 71. Kf1 Bd5 72. Kg1 Kg6 73. h4 Kf5 74. h5 Kxf4 75. h6 Be4 76. Kf1 Kg5 77. h7 Bxh7 78. Ke2 f5 79. Kf1 f4 80. Ke2 Be4 81. Kf1 Kg4 82.
Kg1 Bxg2 83. Kxg2 f3+ 84. Kh1 Kh3 85. Kg1 g2 86. Kf2 Kh2 0-1

[Event "*** Titled Tuesday Blitz"]
[Site "Chess.com"]
[Date "2021.04.27"]
[Round "4"]
[White "blitzking1729"]
[Black "Natalya_Buksa"]
[Result "1/2-1/2"]
[WhiteElo "2665"]
[BlackElo "2508"]
[TimeControl "180+1"]
[EndTime "10:41:34 PDT"]
[Termination "Game drawn - insufficient material"]

1. Nf3 d5 2. c4 e6 3. b3 Nf6 4.
Bb2 c5 5. g3 Nc6 6. Bg2 d4 7.
O-O Be7 8. e3 O-O 9. exd4 cxd4 10.
Re1 a5 11. d3 Re8 12. Nbd2 Bf8 13. Ne5 Nxe5 14. Rxe5 Bd6 15. Qe1 Bxe5 16. Qxe5 Ng4 17. Qxd4 Qxd4 18. Bxd4 Rd8 19. Nf3 e5 20. Bb6 Rxd3 21. h3 Nf6 22. Nxe5 Rd2 23. Be3 Rd8 24. c5 Ra6 25. c6 bxc6 26. Nxc6 Re8 27. Bc5 h5 28. Ne7+ Kh7 29. Nxc8 Rxc8 30. Bb7 Rxc5 31. Bxa6 g6 32. a3 Rc3 33. Rb1 Ne4 34. b4 Rxa3 35. b5 Nc5 36. Bc8 a4 37. Rc1 Ne4 38. b6 Nd6 39.
Bd7 Rb3 40. Bxa4 Rxb6 41. Rc7 Kg7 42. Kg2 Kf6 43. Bd1 Ra6 44. Be2 Rb6 45. Rc2 Ke6 46.
Bf3 Kf6 47. Re2 Kf5 48. Ra2 Kf6 49. Ra5 Kg7 50. Ra7 Kf6 51. g4 hxg4 52. hxg4 Kg5 53. Kg3 f5 54. Ra5 Kf6 55. gxf5 Nxf5+ 56. Kh2 Rb2 57.
Ra6+ Kg5 58. Kg2 Nh4+ 59. Kg3 Rb3 60. Ra5+ Nf5+ 61. Kg2 Kf6 62. Be4 Rc3 63. Ra6+ Kg5 64. Ra5 Kf4 65. Bxf5 gxf5 66. Ra4+ Kg5 67. f3 Rb3 68.
Kg3 Rc3 69. Ra5 Rb3 70. Kf2 Rb2+ 71. Ke3 Rb3+ 72. Ke2 Rb2+ 73. Kd3 Rb3+ 74. Ke2 Rb2+ 75. Ke3 Rb3+ 76. Kf2 Kf4 77. Ra4+ Kg5 78. Kg2 Rc3 79. Kg3 Rb3 80. Ra8 f4+ 81. Kg2 Rb2+ 82. Kg1 Kh4 83. Rg8 Kh3 84. Rg4 Rb1+ 85. Kf2 Rb2+ 86. Kf1 Ra2 87. Rxf4 Kg3 88. Rf8 Rf2+ 89. Kg1 Rxf3 90.
Rxf3+ Kxf3 1/2-1/2

[Event "*** Titled Tuesday Blitz"]
[Site "Chess.com"]
[Date "2021.04.27"]
[Round "4"]
[White "Rodalquilar"]
[Black "GM_dmitrij"]
[Result "0-1"]
[WhiteElo "2759"]
[BlackElo "2962"]
[TimeControl "180+1"]
[EndTime "10:41:54 PDT"]
[Termination "GM_dmitrij won by checkmate"]

1. d4 Nf6 2. Bf4 d5 3. e3 c5 4. Nf3 Nc6 5. c3 Qb6 6. Qc2 cxd4 7. exd4 Bf5 8. Qb3 e6 9. Qxb6 axb6 10. Bb5 Nd7 11.
Nbd2 Be7 12. O-O O-O 13. Rfe1 Rfc8 14. h3 h6 15. a3 Nf6 16. Ne5 Nxe5 17. Bxe5 Ne8 18.
Bf1 Nd6 19. Bh2 Kf8 20. Nf3 Ke8 21. Ne5 b5 22. Nd3 Nc4 23. Ra2 b6 24. Nb4 Kd8 25.
Nd3 Bxd3 26. Bxd3 b4 27. cxb4 Bxb4 28. Rd1 Bd6 29. Bxd6 Nxd6 30. Raa1 Nc4 31. Rab1 Rc7 32. f3 Rac8 33. Kf2 Ke7 34. Ke2 Kd6 35. a4 g5 36. b3 Na5 37. b4 Nc4 38. Rdc1 f6 39.
Ra1 e5 40. dxe5+ fxe5 41. Bxc4 Rxc4 42. Rxc4 Rxc4 43. a5 bxa5 44. bxa5 Kc7 45. a6 Kb8 46. a7+ Ka8 47. Ra5 Rc2+ 48. Kf1 Rd2 49. g4 Rd3 50. Ke2 Rd4 51. Ke3 Rd1 52. Kf2 Rd3 53. Ke2 e4 54. fxe4 dxe4 55. Re5 Rxh3 56. Rxe4 Kxa7 57. Rb4 Ka6 58.
Kf2 Ka5 59. Rb1 Rc3 60. Kg2 Rc2+ 61. Kg3 Rc3+ 62. Kg2 Rc6 63. Kg3 Ka6 64. Kf3 Rf6+ 65. Kg3 Ka7 66. Kg2 Rb6 67. Rc1 Kb7 68. Kf3 Rf6+ 69.
Ke3 Re6+ 70. Kf3 Rc6 71. Rb1+ Kc7 72. Ke4 Rf6 73. Ke5 Ra6 74. Rh1 Kd7 75. Kf5 Ke7 76. Rb1 Rf6+ 77. Ke5 Kf7 78. Rb7+ Kg6 79. Rb4 Ra6 80. Rc4 h5 81. gxh5+ Kxh5 82. Ke4 Kh4 83.
Kf3+ Kh3 84. Rc8 Rf6+ 85. Ke2 g4 86. Rh8+ Kg2 87. Rg8 g3 88. Ke1 Re6+ 89. Kd2 Kf2 90. Rf8+ Kg1 91. Rg8 g2 92. Kd1 Re5 93. Kd2 Kf2 94.
Rf8+ Kg3 95. Rg8+ Kf3 96. Rf8+ Kg4 97. Rf2 g1=Q 98. Rf7 Qe3+ 99. Kc2 Rc5+ 100. Kb2 Qc3+ 101. Ka2 Ra5+ 102. Kb1 Ra1# 0-1

[Event "*** Titled Tuesday Blitz"]
[Site "Chess.com"]
[Date "2021.04.27"]
[Round "4"]
[White "UKR_Master"]
[Black "ybruned"]
[Result "1/2-1/2"]
[WhiteElo "2481"]
[BlackElo "2362"]
[TimeControl "180+1"]
[EndTime "10:42:02 PDT"]
[Termination "Game drawn by repetition"]

1. e4 b6 2. d4 Bb7 3. Bd3 e6 4. f4 f5 5. Nd2 Nf6 6. Qe2 fxe4 7. Nxe4 Be7 8. Nf3 O-O 9. Nxf6+ Bxf6 10. c3 Nc6 11.
O-O Ne7 12. Bd2 a6 13. Ng5 Bxg5 14. fxg5 g6 15. Bf4 Nd5 16. Bd2 Qe7 17. Be4 b5 18. a4 Bc6 19. b3 Rxf1+ 20. Rxf1 Rf8 21. Rxf8+ Qxf8 22. axb5 axb5 23. Bxd5 Bxd5 24. Qxb5 Bc6 25. Qf1 Qxf1+ 26. Kxf1 Bd5 27. c4 Be4 28. Kf2 Bc2 29.
b4 Bb3 30. c5 c6 31. Ke3 Kf7 32. Kf4 Bd5 33. g3 Ke7 34. Ke5 Bc4 35. Bf4 Bd5 36.
Be3 Bh1 37. Bd2 Bd5 38. Bf4 Bh1 39. Bd2 Bd5 40. Kf4 Bh1 41. Kg4 d6 42. Bf4 dxc5 43.
dxc5 Bd5 44. Bd6+ Kf7 45. Kf4 Bc4 46. Ke5 Bb5 47. Bc7 Ke7 48. Bd6+ Kf7 49. Kd4 Ke8 50. Be5 Ke7 51. Bf6+ Kd7 52. Ke5 Ba4 53.
h4 Bb3 54. Bg7 Ke7 55. Bf6+ Kd7 56. Kd4 Ba4 57. Be5 Ke7 58. Ke4 Bc2+ 59. Kf4 Kf7 60. Bd6 Bd1 61. Ke5 Ba4 62. g4 Bb5 63. h5 Be2 64.
hxg6+ hxg6 65. Bc7 Ke7 66. Kf4 Bb5 67. Be5 Bc4 68.
Ke4 Bd5+ 69. Kd4 Bf3 70. Bf6+ Kd7 71. Ke5 Bxg4 72. Bg7 Bf5 73. Kf6 Bc2 74. Bf8 Bd3 75.
Bd6 Bc2 76. Kf7 Bd3 77. Kf6 Bc2 78. Be5 Bd3 79. Bc3 Bc2 80. Ke5 Bd3 81. Bd2 Bc2 82.
Bf4 Bd3 83. Kd4 Be2 84. Be5 Bf1 85. Bf6 Bb5 86. Kc3 Bf1 87. Kb3 Bb5 88. Ka3 Bf1 89. Ka4 Bb5+ 90. Ka5 Bf1 91. Kb6 Be2 92. Be5 Bd3 93. Bd6 Bb5 94. Be5 Bc4 95. Bf6 Bb5 96. Be5 Bc4 97. Ka7 Bb5 98. Kb7 Bc4 99. Kb6 Bb5 100. Ka5 Bc4 101. Ka4 Bb5+ 102. Ka3 Bf1 103. Bf4 Bb5 104. Be5 Bd3 105. Kb2 Bb5 106. Bd4 Bc4 107. Be5 Bb5 108. Kc3 Bf1 109. Kd4 Bb5 110. Ke3 Bc4 111. Kf4 Bb5 112. Bd6 Bc4 113. Ke3 Bb5 114. Kd4 Be2 115. Ke5 Bb5 116. Kf4 Bd3 117. Ke3 Bb5 118. Kd4 Bf1 119. Ke5 Bd3 120. Kf6 1/2-1/2

[Event "*** Titled Tuesday Blitz"]
[Site "Chess.com"]
[Date "2021.04.27"]
[Round "4"]
[White "Harry_Rakkel"]
[Black "Fandorine"]
[Result "1-0"]
[WhiteElo "2596"]
[BlackElo "2887"]
[TimeControl "180+1"]
[EndTime "10:42:22 PDT"]
[Termination "Harry_Rakkel won by resignation"]

1. e4 c5 2. Nf3 e6 3. d4 cxd4 4. Nxd4 Nc6 5. Nc3 Qc7 6. Be3 a6 7. Qf3 Ne5 8. Qg3 Bd6 9. Qxg7 Ng6 10. Nf3 f6 11. Nd4 Qb8 12. e5 Bf8 13. exf6 Bxg7 14. fxg7 Qe5 15. gxh8=Q Qxh8 16. O-O-O N8e7 17. h4 h5 18. Kb1 d5 19. Bg5 e5 20. Nb3 Bg4 21. f3 Be6 22.
Nc5 Qg8 23. Nxb7 Rb8 24. Nc5 d4 25. Nxa6 dxc3 26. Nxb8 Bxa2+ 27. Ka1 cxb2+ 28. Kxb2 Bc4 29. Nd7 Qe6 30. Nc5 Qb6+ 31. Nb3 Bxf1 32. Rhxf1 Nf5 33.
Rd8+ Kf7 34. Rfd1 Nd4 35. Rc8 Nf8 36. Be3 Nfe6 37. Rc3 Qb4 38. Ra1 Nb5 39. Rd3 Ned4 40. Bd2 Qc4 41. Rc1 Kg6 42. Nxd4 Nxd4 43. Ra3 Qb5+ 44. Ka1 Qe2 45. Rd3 Nxc2+ 46. Rxc2 Qxd3 47. Kb2 Qb5+ 48. Ka2 Kf5 49. Bg5 Qa4+ 50. Kb2 Qb4+ 51. Kc1 Qe1+ 52. Kb2 Ke6 53. Kb3 Qb1+ 54. Kc3 Qb5 55.
Rd2 Qa5+ 56. Kd3 Qa7 57. Ke2 Kf5 58. Kf1 Qa1+ 59. Kf2 Qa7+ 60. Kg3 Qg1 61. Kh3 Qf1 62. Kh2 Qe1 63. Ra2 Ke6 64. Ra4 Kd5 65. Re4 Qa5 66. Bf6 Qb6 67. Bxe5 Qd8 68. Bg3 Qf6 69. Re5+ Kc4 70.
Rxh5 Kd3 71. Re5 Kd2 72. Re4 Kd1 73. Kh3 Qf5+ 74. Kh2 Qh5 75. Bf2 Qf7 76. Bg3 Qh5 77. Be1 Qf7 78. Kg1 Qa7+ 79. Bf2 Qf7 80. Rg4 Ke2 81. Bg3 Kd2 82. Re4 Qa7+ 83. Kh2 Qf7 84. Kh3 Kd3 85. Kg4 Qg6+ 86. Kf4 Qf6+ 87.
Kg4 Qg6+ 88. Kh3 Qf5+ 89. Kh2 Qf7 90. Bf4 Qf6 91. Bg5 Qd6+ 92. Kh3 Qd7+ 93. g4 Qf7 94. Kg2 Qa2+ 95. Kg3 Qa1 96. Re3+ Kd4 97. Re4+ Kd3 98. h5 Qg1+ 99. Kf4 Qh2+ 100. Kf5 Qh3 101. Re3+ Kd4 102. Kg6 Qh2 103. h6 Qc2+ 104. Kg7 Qc7+ 105. Re7 Qc5 106. Bf6+ Kd3 107. h7 1-0

[Event "*** Titled Tuesday Blitz"]
[Site "Chess.com"]
[Date "2021.04.27"]
[Round "4"]
[White "NoboaKevin1999"]
[Black "levallem"]
[Result "0-1"]
[WhiteElo "2428"]
[BlackElo "2271"]
[TimeControl "180+1"]
[EndTime "10:42:52 PDT"]
[Termination "levallem won on time"]

1. d4 Nf6 2. c4 g6 3. Nc3 d5 4. cxd5 Nxd5 5. Bd2 Nb6 6. Nf3 Bg7 7.
e3 O-O 8. Be2 c6 9. O-O Bg4 10.
a4 a5 11. Qb3 Be6 12. Qc2 Na6 13. Ne4 Bf5 14. Bd3 Bxe4 15. Bxe4 Nd5 16. Bxd5 Qxd5 17. e4 Qd8 18. Rad1 Qc7 19. Bc3 Rac8 20. Rfe1 Rfd8 21.
h4 b5 22. d5 b4 23. Bxg7 Kxg7 24. Qc4 Qb6 25. dxc6 Rxd1 26. Rxd1 Rxc6 27. Qb5 Rd6 28.
Qe5+ Kg8 29. Rc1 Qd8 30. Kh2 f6 31. Qb5 Kg7 32. e5 fxe5 33. Qxe5+ Rf6 34. Re1 Qd6 35.
Qxd6 exd6 36. Kg3 Nc5 37. Ng5 h6 38. Nh3 Kf7 39. Nf4 Rxf4 40. Rd1 Rf6 41. f3 Re6 42. Rd5 Re5 43. Rd2 Ke6 44. Kf4 g5+ 45. hxg5 hxg5+ 46. Kg4 Nd7 47. Rc2 Nf6+ 48. Kg3 Rc5 49.
Re2+ Kf5 50. Kh3 Re5 51. Rd2 Ke6 52. Kg3 Nd5 53. Rc2 Nf4 54. Rc8 Rc5 55. Re8+ Kf7 56. Ra8 b3 57. Kg4 Nd3 58. Kh5 Nxb2 59. Ra7+ Ke6 60.
Rb7 Nxa4 61. Rxb3 Nc3 62. Ra3 a4 63. g3 Rc4 64. Kxg5 Nb5 65. Ra1 a3 66. f4 Rc2 67.
Kg6 Rg2 68. f5+ Ke7 69. f6+ Kf8 70. Rb1 Rxg3+ 71. Kf5 Nc7 72. Rb8+ Ne8 73. Rb7 a2 74.
Ra7 Rg2 75. Ke6 Re2+ 76. Kd7 d5 77. f7 Kxf7 78. Kc6+ Kf8 79. Kxd5 Rb2 80. Kc4 Nc7 81. Kc3 Rg2 82. Kb3 Rg3+ 83. Kxa2 Ne8 84. Kb1 Re3 85. Kc1 Re6 86. Kd2 Nd6 87. Kd3 Nf7 88. Kd2 Kg7 89. Kc2 Kf6 90. Kd2 Ne5 91. Kc2 Kf5 92. Ra5 Ke4 93. Kc3 Rc6+ 94. Kd2 Nc4+ 95.
Ke2 Nxa5 96. Kf2 Kf4 97. Ke2 Nb3 98. Kd3 Nc5+ 99. Kc4 Ne6+ 100. Kd5 Rc1 101. Kxe6 Ke4 102. Kf6 Rc5 103. Kg6 Kf4 104. Kh6 Kg4 105. Kg7 Rc6 106. Kf7 Kf5 107. Ke7 Rh6 108. Kd7 Ke5 109. Kc7 Kd5 110. Kb8 Rh7 111. Ka8 Kc6 0-1

[Event "*** Titled Tuesday Blitz"]
[Site "Chess.com"]
[Date "2021.04.27"]
[Round "5"]
[White "azikom"]
[Black "Alliswell998"]
[Result "1-0"]
[WhiteElo "2647"]
[BlackElo "2439"]
[TimeControl "180+1"]
[EndTime "10:51:51 PDT"]
[Termination "azikom won by resignation"]

1. d4 Nf6 2. Nf3 c5 3. d5 b5 4. Bg5 Qb6 5. c3 g6 6. Bxf6 Qxf6 7. e4 Qb6 8. Nbd2 Bg7 9. a4 b4 10. Nc4 Qd8 11. cxb4 cxb4 12. Be2 O-O 13. O-O d6 14.
Rc1 Nd7 15. Nd4 Nc5 16. Nc6 Qe8 17. e5 dxe5 18. N4xe5 Bb7 19. Rxc5 1-0